 Dungeon Crawl Stone Soup version 0.32-a0-918-g0f22ef8d61 (webtiles) character file.

Game seed: 4727569917086475924

14243 Griffin23 the Fencer (level 11, -6/103 HPs)
             Began as a Minotaur Fighter on Apr 11, 2024.
             Was an Initiate of Gozag.
             Mangled by a skyshark (9 damage)
             ... on level 2 of the Lair of Beasts on Apr 12, 2024.
             The game lasted 00:31:51 (13425 turns).

Griffin23 the Fencer (Minotaur Fighter)            Turns: 13425, Time: 00:31:52

Health: -6/103     AC: 16    Str: 25    XL:     11   Next: 86%
Magic:  8/8        EV: 11    Int:  5    God:    Gozag
Gold:   1299       SH:  9    Dex: 10    Spells: 10/10 levels left

rFire   . . .        W - +0 scimitar
rCold   . . .        Q - +0 kite shield
rNeg    . . .        u - +0 plate armour
rPois   +            (helmet restricted)
rElec   .            (no cloak)
rCorr   .            (no gloves)
SInv    .            (no boots)
Will    .....        (no amulet) Stlth
                     d - +5 ring of evasion
HPRegen 0.37/turn    w - ring of poison resistance
MPRegen 0.11/turn

%: no passive effects
@: mighty, about to teleport, on berserk cooldown, slowed, studying Armour,
invisible, very slow
A: horns 2, retaliatory headbutt, low MP 1
a: Renounce Religion, Potion Petition, Call Merchant, Bribe Branch


You were on level 2 of the Lair of Beasts.
You worshipped Gozag.
Gozag was most pleased with you.
You visited 2 branches of the dungeon, and saw 12 of its levels.
You also visited: Bailey.

You collected 3096 gold pieces.
You spent 92 gold pieces at shops.
You paid 1705 gold pieces to Gozag.

Inventory:

Hand Weapons
 K - a +1 long sword of freezing
 W - a +0 scimitar (weapon)
Missiles
 v - 27 boomerangs (quivered)
Armour
 u - a +0 plate armour (worn)
 Q - a +0 kite shield (worn)
Jewellery
 c - a ring of magical power
 d - a +5 ring of evasion (left hand)
 m - a ring of see invisible
 w - a ring of poison resistance (right hand)
 x - a +6 ring of dexterity
Wands
 n - a wand of flame (5)
 F - a wand of roots (4)
 G - a wand of charming (17)
 L - a wand of digging (5)
 Y - a wand of mindburst (18)
Scrolls
 b - a scroll of butterflies {unknown}
 g - 4 scrolls of enchant weapon
 i - 4 scrolls of fear
 o - 7 scrolls of teleportation
 p - 5 scrolls of poison
 q - a scroll of noise {unknown}
 t - a scroll of brand weapon {unknown}
 y - a scroll of blinking {unknown}
 A - a scroll of amnesia
 C - a scroll of silence {unknown}
 H - 5 scrolls of enchant armour
 I - a scroll of immolation {unknown}
 M - 2 scrolls of vulnerability
 N - a scroll of torment {unknown}
 S - 2 scrolls of revelation
 U - a scroll of acquirement
Potions
 e - 3 potions of curing
 f - 3 potions of enlightenment
 j - a potion of resistance
 k - 2 potions of lignification {unknown}
 r - 3 potions of magic
 s - 3 potions of invisibility {unknown}
 z - 4 potions of mutation
 B - a potion of ambrosia {unknown}
 D - 3 potions of attraction {unknown}
 J - 2 potions of cancellation {unknown}
 P - a potion of berserk rage {unknown}
 T - 2 potions of might
Miscellaneous
 a - a lightning rod (inert)
 l - a sack of spiders (inert)
 V - a phial of floods


   Skills:
 + Level 11.6 Fighting
 * Level 15.4 Long Blades
 + Level 14.3 Armour
 + Level 8.3 Shields


You had 10 spell levels left.
You didn't know any spells.
Your spell library contained the following spells:

 Spells                   Type           Power      Damage    Failure   Level
 Foxfire                  Conj/Fire      0%         2x1d4     100%        1
 Shock                    Conj/Air       0%         1d3       100%        1
 Slow                     Hex            0%         N/A       100%        1
 Summon Small Mammal      Summ           0%         N/A       100%        1
 Blink                    Tloc           0%         N/A       100%        2
 Ensorcelled Hibernation  Hex/Ice        0%         N/A       100%        2
 Lesser Beckoning         Tloc           0%         N/A       100%        2
 Momentum Strike          Conj/Tloc      0%         3d8       100%        2
 Static Discharge         Conj/Air       0%         3-3/arc   100%        2
 Call Canine Familiar     Summ           0%         N/A       100%        3
 Confusing Touch          Hex            0%         N/A       100%        3
 Passwall                 Erth           0%         N/A       100%        3
 Swiftness                Air            0%         N/A       100%        3
 Vampiric Draining        Necr           0%         2d6       100%        3
 Airstrike                Air            0%         2d(0-16)  100%        4
 Summon Blazeheart Golem  Fire/Summ      0%         N/A       100%        4
 Summon Lightning Spire   Summ/Air       0%         N/A       100%        4
 Plasma Beam              Fire/Air       0%         2x1d10    100%        6
 Starburst                Conj/Fire      0%         6d3       100%        6


Dungeon Overview and Level Annotations

Branches:
Dungeon (10/15)            Temple (0/1) D:7            Lair (2/5) D:8
    Orc (0/2) D:10         Bailey (visited)
  Swamp: Lair:2-3    Shoals: Lair:2-3     Snake: Lair:2-3    Spider: Lair:2-3

Altars:
Elyvilon
Gozag
Hepliaklqana
Kikubaaqudgha
Nemelex Xobeh
Qazlal
Ru
Sif Muna
Vehumet
Wu Jian
Xom
Yredelemnul
The Shining One

Shops:
D:5 *

Annotations:
D:5 2 runed translucent doors


Innate Abilities, Weirdness & Mutations

You have a pair of horns on your head.
You reflexively headbutt those who attack you in melee.
Your magical capacity is low. (-10% MP)


Message History

[b] - 432 gold - curing, magic and heal wounds [c] - 325 gold - heal wounds, curing and berserk rage Purchase which effect?
You feel better. Magic courses through your body.
You feel much better.
The wyvern hisses angrily. x2
The skyshark closely misses you. You furiously retaliate!
You headbutt the skyshark!!
The skyshark tail-slaps you but does no damage.
The skyshark tail-slaps you!
The komodo dragon bites you but does no damage.
You block the skyshark's attack.
The skyshark tail-slaps you but does no damage.
The skyshark tail-slaps you. You block the komodo dragon's attack.
As you read the scroll of teleportation, it crumbles to dust.
You feel strangely unstable.
The wyvern hisses angrily. x2
The wyvern is no longer distracted by gold. x2
The wyvern is distracted by your dazzling golden aura.
You block the skyshark's attack. The skyshark closely misses you.
The skyshark barely misses you. The komodo dragon barely misses you.
You block the skyshark's attack. The skyshark barely misses you.
You block the skyshark's attack.
Unknown command.
You slice the skyshark!!
The skyshark is almost dead.
The wyvern hisses angrily.
You block the skyshark's attack. The skyshark closely misses you.
The skyshark tail-slaps you but does no damage.
You block the skyshark's attack. x2; The skyshark tail-slaps you.
You slash the skyshark!
The skyshark is almost dead.
The wyvern hisses angrily. x2
You block the skyshark's attack. The skyshark misses you.
The skyshark barely misses you. The komodo dragon bites you!!
* * * LOW HITPOINT WARNING * * *
The skyshark bites you!
* * * LOW HITPOINT WARNING * * *
The skyshark tail-slaps you!
You die...
Your body crumbles into a pile of gold.

............
.......k...
...........
..........
##........k
#..........
##.lF.....#
##$$@F....#
#...$..P###
##....P###
#....###
##..#..#
##..#####
#####...##
.........#
........##


You could see a skyshark (berserk, unable to see you), a komodo dragon (unable
to see you), a blink frog (unable to see you) and 2 wyverns.

Vanquished Creatures
  An orc warlord (Bailey)
  Snorg (D:10)
  A hydra (Lair:2)
  A two-headed ogre (D:7)
  A catoblepas (Lair:1)
  Maurice (D:8)
  A cyclops (D:7)
  Maggie (D:9)
  2 cane toads (Lair:1)
  A gargoyle (D:7)
  A komodo dragon (Lair:1)
  2 polar bears (Lair:1)
  A hornet (D:10)
  Prince Ribbit (D:8)
  Grinder (D:3)
  8 blink frogs
  2 wyverns
  4 yaks
  A basilisk (Lair:1)
  An acid dragon (D:10)
  6 water moccasins
  8 orc warriors
  3 ice beasts
  4 black bears
  A sky beast (D:7)
  A centaur (D:10)
  A phantom (D:4)
  3 kobold brigands
  6 bullfrogs
  A gnoll sergeant (D:8)
  A scorpion (D:4)
  3 wights (D:9)
  13 killer bees
  9 howler monkeys
  2 bombardier beetles
  7 hounds
  3 orc priests
  Ijyb (D:5)
  An iguana (D:5)
  Natasha (thrice) (D:2)
  15 orc wizards
  12 gnolls
  9 adders
  A shadow imp (D:7)
  5 white imps
  5 dart slugs
  39 orcs
  5 bats
  13 endoplasms
  6 giant cockroaches
  14 goblins
  10 hobgoblins
  5 jackals
  2 quokkas
  4 ball pythons
  A frilled lizard (D:2)
  38 kobolds
  A rat (D:1)
295 creatures vanquished.

Notes
Turn   | Place    | Note
-------+----------+-------------------------------------------
     0 | D:1      | Griffin23 the Minotaur Fighter began the quest for the Orb.
     0 | D:1      | Reached XP level 1. HP: 19/19 MP: 0/0
   123 | D:1      | Reached XP level 2. HP: 27/27 MP: 1/1
   181 | D:1      | Reached skill level 3 in Long Blades
   349 | D:1      | Reached XP level 3. HP: 26/33 MP: 2/2
   914 | D:2      | Noticed Natasha
   919 | D:2      | Killed Natasha
   920 | D:2      | Reached XP level 4. HP: 26/40 MP: 3/3
  1020 | D:2      | Noticed Natasha
  1024 | D:2      | Killed Natasha
  1025 | D:2      | Reached skill level 4 in Long Blades
  1277 | D:2      | Noticed Natasha
  1283 | D:2      | Killed Natasha
  1284 | D:2      | Reached XP level 5. HP: 46/47 MP: 4/4
  1576 | D:3      | Found a sparkling altar of Nemelex Xobeh.
  1576 | D:3      | Found an opulent altar of Gozag.
  1786 | D:3      | Became a worshipper of Gozag Ym Sagoz the Greedy
  2379 | D:3      | Reached skill level 5 in Long Blades
  2489 | D:3      | Noticed Grinder
  2718 | D:3      | Killed Grinder
  2719 | D:3      | Reached skill level 5 in Fighting
  2719 | D:3      | Reached skill level 5 in Armour
  2719 | D:3      | Reached skill level 5 in Shields
  2719 | D:3      | Reached XP level 6. HP: 41/56 MP: 5/5
  3007 | D:4      | Reached skill level 6 in Long Blades
  3007 | D:4      | Reached XP level 7. HP: 36/61 MP: 6/6
  3279 | D:4      | Noticed a yak
  3282 | D:4      | Reached skill level 7 in Long Blades
  3292 | D:4      | Killed a yak
  3522 | D:4      | Reached XP level 8. HP: 57/71 MP: 7/7
  3640 | D:4      | Found a stormy altar of Qazlal.
  4024 | D:5      | Entered Level 5 of the Dungeon
  4104 | D:6      | Reached skill level 8 in Long Blades
  4296 | D:6      | Found an ornate altar of the Wu Jian Council.
  4348 | D:5      | Found a sacrificial altar of Ru.
  4631 | D:5      | Found Xesu's Assorted Antiques.
  4640 | D:5      | Bought an ivory wand for 92 gold pieces
  4719 | D:5      | Found a basalt altar of Yredelemnul.
  4721 | D:5      | Found a hazy altar of Hepliaklqana.
  4821 | D:5      | Gained mutation: Your magical capacity is low. (-10% MP)
                  | [potion of mutation]
  5262 | D:5      | Found a runed translucent door.
  5270 | D:5      | Found a runed translucent door.
  5289 | D:5      | Noticed Ijyb
  5306 | D:5      | Killed Ijyb
  5307 | D:5      | Reached skill level 9 in Long Blades
  6453 | D:7      | Noticed a two-headed ogre
  6467 | D:7      | Killed a two-headed ogre
  6468 | D:7      | Reached skill level 10 in Long Blades
  6468 | D:7      | Reached XP level 9. HP: 65/81 MP: 7/7
  6688 | D:7      | Found a staircase to the Ecumenical Temple.
  6854 | D:7      | Reached skill level 11 in Long Blades
  7004 | D:7      | Found a shimmering blue altar of Sif Muna.
  7189 | D:7      | Found an ancient bone altar of Kikubaaqudgha.
  7232 | D:7      | Noticed a gargoyle
  7242 | D:7      | Killed a gargoyle
  7243 | D:7      | Reached skill level 10 in Armour
  7401 | D:7      | Noticed a cyclops
  7406 | D:7      | Killed a cyclops
  7407 | D:7      | Reached skill level 12 in Long Blades
  7480 | D:7      | Reached XP level 10. HP: 90/91 MP: 8/8
  7857 | D:8      | Noticed Prince Ribbit
  7865 | D:8      | Killed Prince Ribbit
  7873 | D:8      | Found a glowing golden altar of the Shining One.
  7990 | D:8      | Found a staircase to the Lair.
  8193 | D:8      | Noticed Maurice
  8199 | D:8      | Maurice stole 222 gold
  8200 | D:8      | Maurice stole a ring of fire
  8202 | D:8      | Killed Maurice
  8620 | D:8      | Found a radiant altar of Vehumet.
  8620 | D:8      | Found a shimmering altar of Xom.
  8829 | D:9      | Noticed Maggie
  9160 | D:9      | Killed Maggie
  9161 | D:9      | Reached skill level 13 in Long Blades
  9169 | D:9      | Reached skill level 10 in Fighting
  9557 | D:9      | Found a flagged portal.
  9575 | Bailey   | Entered a bailey
  9580 | Bailey   | Noticed an orc warlord
  9777 | Bailey   | Found a runed translucent gate.
  9779 | Bailey   | Found a runed translucent gate.
  9781 | Bailey   | Found a runed translucent gate.
 10059 | Bailey   | Acquired 818 gold pieces
 10342 | Bailey   | Killed an orc warlord
 10634 | D:9      | Found a white marble altar of Elyvilon.
 10850 | D:10     | Entered Level 10 of the Dungeon
 10850 | D:10     | Noticed Snorg
 10858 | D:9      | Reached XP level 11. HP: 101/101 MP: 8/8
 10944 | D:10     | Killed Snorg
 10945 | D:10     | Reached skill level 14 in Long Blades
 11123 | D:10     | Found a staircase to the Orcish Mines.
 11999 | Lair:1   | Entered Level 1 of the Lair of Beasts
 12291 | Lair:1   | Noticed a catoblepas
 12801 | Lair:1   | Killed a catoblepas
 12802 | Lair:1   | Reached skill level 15 in Long Blades
 13389 | Lair:2   | Noticed an eight-headed hydra
 13408 | Lair:2   | Noticed a skyshark
 13418 | Lair:2   | Killed a ten-headed hydra
 13420 | Lair:2   | HP: 3/103 [blink frog (6)]
 13425 | Lair:2   | HP: 3/103 [skyshark (13)]
 13425 | Lair:2   | Mangled by a skyshark

Illustrated notes

Levels and vault maps discovered:
D:1:      evilmike_arrival_rings, layout_rooms
D:2:      layout_loops_ring, uniq_natasha
D:3:      cheibrodos_helix_gallery, layout_loops_corners,
          grunt_temple_overflow_opulence, uniq_grinder
D:4:      layout_rooms, nicolae_qazlal_eye_of_the_storm,
          chequers_serial_rivers_small_a, nzn_random_ring
D:5:      lemuel_insect_pit, layout_cave_pods, minitemple, lemuel_doored_altar,
          serial_shops, nicolae_square_shop, uniq_ijyb
D:6:      layout_loops_cross, nicolae_wu_jian_wuxing_cycle
D:7:      layout_basic, kennysheep_orc_sif_temple, kennysheep_little_box,
          minmay_temple_entry_gardened_gates, minmay_three_doors
D:8:      layout_loops_corners, tso_metal_star, gammafunk_temple_overflow_pools,
          lair_entry_dummy, uniq_prince_ribbit1, uniq_maurice
D:9:      layout_basic, mainiacjoe_overflow_concentric_impassable,
          enter_bailey_3, uniq_maggie
D:10:     layout_irregular_city, orc_0_dummy, uniq_snorg
Lair:1:   layout_small_grid, minivault_26, serial_bayou_pond_a
Lair:2:   layout_cave_pods, alex1729_swamp_entry_worm_eleionoma,
          infiniplex_staircase_pool_2

Skill      XL: |  1  2  3  4  5  6  7  8  9 10 11 |
---------------+----------------------------------+-----
Long Blades    | 3 4 5 6 7 10 12 13 15 | 15.4
Shields        | 4 5 6 8 |  8.3
Fighting       | 4 5 6 8 9 10 11 | 11.6
Armour         | 4 5 6 8 10 12 14 | 14.3

Action                     |  1- 3 |  4- 6 |  7- 9 | 10-12 || total
---------------------------+-------+-------+-------+-------++-------
  Melee: Long sword        |    96 |    96 |   384 |   265 ||   841
         Headbutt          |    15 |    15 |    61 |    88 ||   179
         Scimitar          |       |       |       |   187 ||   187
 Invoke: Potion Petition   |       |       |     2 |     2 ||     4
  Evoke: Wand              |       |       |     3 |    36 ||    39
         Lightning rod     |       |       |       |     5 ||     5
         Sack of spiders   |       |       |       |     1 ||     1
    Use: Scroll            |       |     6 |     3 |     7 ||    16
         Potion            |       |     1 |     4 |     5 ||    10
   Stab: Distracted        |       |       |       |     3 ||     3
         Invisible         |       |       |       |     3 ||     3
 Armour: Scale mail        |    92 |    46 |       |       ||   138
         Plate armour      |       |    19 |   267 |   367 ||   653
  Dodge: Dodged            |    44 |    33 |   152 |   218 ||   447
  Block: Buckler           |    33 |    25 |    93 |    14 ||   165
         Kite shield       |       |       |       |   220 ||   220

Table legend: (Time is in decaauts)
 A = Elapsed time spent in this place.
 B = Non-inter-level travel time spent in this place.
 C = Inter-level travel time spent in this place.
 D = Time resting spent in this place.
 E = Time spent auto-exploring this place.
 F = Levels seen in this place.
 G = Mean time per level.
                   A        B        C        D        E       F      G
               +--------+--------+--------+--------+--------+-----+--------+
         Total |  13407 |  12922 |    485 |   1353 |   8736 |  13 | 1031.3 |
       Dungeon |  11058 |  10612 |    446 |    959 |   7546 |  10 | 1105.8 |
          Lair |   1400 |   1362 |     38 |    194 |    904 |   2 |  700.0 |
        Bailey |    948 |    948 |      0 |    200 |    286 |   1 |  948.0 |
               +--------+--------+--------+--------+--------+-----+--------+

Top non-repeatable levels by time:
     D:5: 1407 daAuts
     D:8: 1392 daAuts
     D:3: 1381 daAuts
     D:7: 1348 daAuts
  Lair:1: 1312 daAuts
     D:4: 1283 daAuts
    D:10: 1047 daAuts
  Bailey: 948 daAuts
     D:6: 930 daAuts
     D:9: 855 daAuts
     D:2: 758 daAuts
     D:1: 652 daAuts
  Lair:2: 87 daAuts
